 Seeded DCSS version 0.30-a0-1066-g63dfefce0d (webtiles) character file.

Game seed: 3197891053798171883 (custom seed)

56 Twinkles the Stinger (level 3, 0/25 HPs)
             Began as an Octopode Wanderer on Apr 12, 2023.
             Succumbed to an adder's poison
             ... on level 2 of the Dungeon.
             The game lasted 00:02:02 (984 turns).

Twinkles the Stinger (Octopode Wanderer)             Turns: 984, Time: 00:02:03

Health: 0/25       AC:  1    Str: 15    XL:     3   Next: 95%
Magic:  4/4        EV: 12    Int: 12    God:
Gold:   65         SH:  0    Dex: 11    Spells: 3/4 levels left

rFire   . . .      SeeInvis .    d - +2 dagger (drain)
rCold   . . .      Faith    .    (no shield)
rNeg    . . .      Spirit   .    (helmet restricted)
rPois   .          Reflect  .    (no amulet)
rElec   .          Rampage  .    (no ring)
rCorr   .                        (no ring)
Will    .....                    (no ring)
Stlth   +++                      (no ring)
HPRegen 0.24/turn                (no ring)
MPRegen 0.09/turn                (no ring)
                                 (no ring)
                                 (no ring)

@: lethally poisoned (0 -> -1)
A: almost no armour, amphibious, 8 rings, camouflage 1, gelatinous body 1,
(nimble swimmer 1), tentacles, devolution 1
a: no special abilities


You were on level 2 of the Dungeon.
You visited 1 branch of the dungeon, and saw 2 of its levels.

You collected 65 gold pieces.

Inventory:

Hand Weapons
 a - a +0 trident
 c - a +0 dagger
 d - a +2 dagger of draining (weapon)
Missiles
 b - 14 poisoned darts (quivered)
Scrolls
 e - a scroll of fear {unknown}
 g - a scroll of amnesia {unknown}
 h - a scroll of vulnerability {unknown}
Potions
 T - a potion of berserk rage
 U - a potion of mutation


   Skills:
 + Level 2.4 Fighting
 - Level 3.0 Polearms
 - Level 1.0 Throwing
 + Level 1.9 Stealth
 + Level 1.1 Unarmed Combat
 - Level 1.0 Spellcasting
 + Level 1.2 Conjurations
 + Level 1.1 Air Magic
 + Level 4.0 Poison Magic


You had 3 spell levels left.
You knew the following spells:

 Your Spells              Type           Power      Damage    Failure   Level
a - Sting                 Tmut/Pois      20%        1d4       13%         1

Your spell library contained the following spells:

 Spells                   Type           Power      Damage    Failure   Level
 Slow                     Hex            0%         N/A       30%         1
 Mephitic Cloud           Conj/Pois/Air  5%         N/A       36%         3
 Vhi's Electric Charge    Tloc/Air       2%         N/A       58%         3
 Confusing Touch          Hex            0%         N/A       65%         3
 Vampiric Draining        Necr           0%         2d6       65%         3
 Arcjolt                  Conj/Air       1%         1d11      99%         5
 Plasma Beam              Fire/Air       0%         2x1d11    100%        6


Dungeon Overview and Level Annotations

Branches:
Dungeon (2/15) Zot: 11016

Altars:


Innate Abilities, Weirdness & Mutations

You cannot wear most types of armour.
You are amphibious.
You can wear up to eight rings at the same time.
Your skin changes colour to match your surroundings (Stealth+).
Your rubbery body absorbs attacks. (AC +1, EV +1)
((You are camouflaged when in or above water. (Stealth+)))
You have tentacles for arms and can constrict up to eight enemies at once.
You have hidden genetic defects.


Message History

The adder is heavily wounded.
You feel sick. The adder barely misses you. The adder attacks as you move away!
The adder closely misses you.
You feel sick.
Jessica shouts!
The adder bites you.
You miss the adder. Your grab misses the adder. Your squeeze misses the adder.
The adder is heavily wounded.
You feel sick. The adder bites you.
You are more poisoned.
The adder poisons you!
You barely miss the adder. You grab the adder. You squeeze the adder.
You kill the adder!
You feel sick.
Jessica shouts, "Stop bothering me, or I'll kill you!"
Your Conjurations skill increases to level 1!
You have reached level 3!
Your experience leads to an increase in your attributes!
Increase (S)trength, (I)ntelligence, or (D)exterity?
You feel stronger. x2
You feel sick. Jessica hits you with a +0 dagger.
* * * LOW HITPOINT WARNING * * *
You hit Jessica. You drain Jessica. Your grab misses Jessica.
Jessica is heavily wounded.
* * * LOW HITPOINT WARNING * * *
You feel sick. Jessica barely misses you.
You hit Jessica. You drain Jessica.
You kill Jessica!
* * * LOW HITPOINT WARNING * * *
You feel sick.
Your Unarmed Combat skill increases to level 1!
Your Air Magic skill increases to level 1!
Your Poison Magic skill increases to level 4!
* * * LOW HITPOINT WARNING * * *
You feel sick.
There is a lethal amount of poison in your body!
It was a potion of mutation.
You feel extremely strange.
You feel a hidden malignance growing inside you.
U - a potion of mutation You die...

#............##.
#.###.##.######. #.###.#
.# #. ##.##.†##.# ##'
#.........# ##..
#.........# ##...
#.#....#.####....
..#.#####.#.#....# #.....
......).@..........+.....
..#.#######.#...####...>.
#.##.## ##.... #.# ##
##.<. ##.. ######'
#[..... #.###.[ .. #..


There were no monsters in sight!

Vanquished Creatures
  Jessica (D:2)
  An adder (D:2)
  2 dart slugs (D:1)
  2 ball pythons
  A bat (D:1)
  An endoplasm (D:1)
  A goblin (D:1)
  2 hobgoblins (D:1)
  3 jackals (D:1)
  A frilled lizard (D:1)
  A kobold (D:1)
16 creatures vanquished.

Notes
Turn   | Place    | Note
-------+----------+-------------------------------------------
     0 | D:1      | Twinkles the Octopode Wanderer began the quest for the Orb.
     0 | D:1      | Twinkles set off with the following items: a +0 trident, 14
                  | poisoned darts, a +0 dagger, a potion of berserk rage; and
                  | the following spell memorised: Sting; and the following
                  | spells available to memorise: Mephitic Cloud.
     0 | D:1      | Reached XP level 1. HP: 14/14 MP: 2/2
   169 | D:1      | Reached XP level 2. HP: 19/19 MP: 3/3
   381 | D:1      | Reached skill level 1 in Stealth
   970 | D:2      | Noticed Jessica
   980 | D:2      | Reached skill level 1 in Conjurations
   980 | D:2      | Reached XP level 3. HP: 9/24 MP: 4/4
   980 | D:2      | HP: 7/24 [poisoned by an adder]
   980 | D:2      | HP: 3/24 [Jessica/+0 dagger (4)]
   982 | D:2      | Killed Jessica
   983 | D:2      | Reached skill level 1 in Unarmed Combat
   983 | D:2      | Reached skill level 1 in Air Magic
   983 | D:2      | Reached skill level 4 in Poison Magic
   983 | D:2      | HP: 1/25 [poisoned by an adder]
   984 | D:2      | Gained mutation: You have hidden genetic defects. [potion
                  | of mutation]
   984 | D:2      | Succumbed to an adder's poison

Illustrated notes

Levels and vault maps discovered:
D:1:      mrwooster_arrival_statue_3, layout_basic
D:2:      layout_loops_corners, uniq_sigmund, uniq_jessica

Skill      XL: |  1  2  3 |
---------------+----------+-----
Stealth        | 1 |  1.9
Conjurations   | 1 |  1.2
Unarmed Combat | 1 |  1.1
Air Magic      | 1 |  1.1
Poison Magic   | 4 |  4.0
Fighting       | |  2.4
Polearms       | |  3.0
Throwing       | |  1.0
Spellcasting   | |  1.0

Action                     || total
---------------------------++-------
  Melee: Dagger            ||    34
         Constrict         ||    10
         Tentacles         ||     4
         Trident           ||     1
         Punch             ||     1
    Use: Potion            ||     1
   Stab: Sleeping          ||     2
 Armour: Skin              ||     2
  Dodge: Dodged            ||    20

Table legend: (Time is in decaauts)
 A = Elapsed time spent in this place.
 B = Non-inter-level travel time spent in this place.
 C = Inter-level travel time spent in this place.
 D = Time resting spent in this place.
 E = Time spent auto-exploring this place.
 F = Levels seen in this place.
 G = Mean time per level.
                   A        B        C        D        E       F      G
               +--------+--------+--------+--------+--------+-----+--------+
         Total |    983 |    945 |     38 |      0 |    832 |   2 |  491.5 |
       Dungeon |    983 |    945 |     38 |      0 |    832 |   2 |  491.5 |
               +--------+--------+--------+--------+--------+-----+--------+

Top non-repeatable levels by time:
     D:1: 873 daAuts
     D:2: 109 daAuts
